General information
- name: BNet
- type: Ladder team game (AT/RT)
- host: Battle.net
- saver: HappyHolidays
map: Deathknell
- players: 8
- length: 45:45
- speed: Fast
- version: 1.26 W3XP
- replay type: Public
» download(277 KB)
Players
team 1 (winner)

»
DUFFMAN (
orange | 37 APM | 1678 actions | 45:45)
5 Keeper of the Grove
1 Force of Nature
3 Entangling Roots
1 Thorns Aura
» actions
| Assign group hotkey | 10 | |
| Build / train | 63 | |
| Enter build submenu | 26 | |
| Enter hero's abilities submenu | 5 | |
| Remove unit from queue | 3 | |
| Right click | 931 | |
| Select / deselect | 431 | |
| Select group hotkey | 174 | |
| Use ability | 35 | |
1678 total
» units
| Wisp | 21 | |
| Huntress | 8 | |
| Chimaera | 6 | |
| Hippogryph | 7 | |
42 total
» upgrades
| Strength of the Moon | 1 | |
| Strength of the Wild | 3 | |
| Moon Armor | 1 | |
| Reinforced Hides | 3 | |
| Well Spring | 1 | |
| Corrosive Breath | 1 | |
| Druid of the Talon Training | 1 | |
11 total
» buildings
| Altar of Elders | 2 | |
| Moon Well | 9 | |
| Hunter's Hall | 1 | |
| Ancient of War | 1 | |
| Tree of Ages | 1 | |
| Tree of Life | 2 | |
| Tree of Eternity | 1 | |
| Ancient of Wind | 1 | |
| Chimaera Roost | 3 | |
| Ancient Protector | 2 | |
| Ancient of Wonders | 1 | |
24 total
» build order
00:39 Altar of Elders
00:40 Altar of Elders
00:55 Moon Well
01:08 Hunter's Hall
01:57 Ancient of War
02:17 Moon Well
02:56 Moon Well
03:42 Moon Well
04:25 Tree of Ages
05:39 Tree of Life
07:02 Tree of Eternity
07:06 Ancient of Wind
08:46 Moon Well
08:48 Moon Well
10:12 Chimaera Roost
10:13 Chimaera Roost
10:18 Chimaera Roost
14:58 Ancient Protector
15:00 Ancient Protector
15:24 Moon Well
15:29 Moon Well
15:57 Ancient of Wonders
17:12 Tree of Life
18:06 Moon Well
August_APC (
pink | 65 APM | 2584 actions | 39:31)
5 Mountain King
3 Storm Bolt
2 Bash
4 Paladin
2 Holy Light
1 Divine Shield
1 Devotion Aura
» actions
| Assign group hotkey | 66 | |
| Basic commands | 17 | |
| Build / train | 117 | |
| Enter build submenu | 46 | |
| Enter hero's abilities submenu | 9 | |
| Give item / drop item | 2 | |
| Right click | 969 | |
| Select / deselect | 500 | |
| Select group hotkey | 746 | |
| Use ability | 112 | |
2584 total
» units
| Peasant | 24 | |
| Footman | 5 | |
| Knight | 6 | |
| Priest | 8 | |
| Sorceress | 6 | |
| Spell Breaker | 3 | |
| Siege Engine | 8 | |
60 total
» upgrades
| Masonry | 2 | |
| Plating | 3 | |
| Lumber Harvesting | 2 | |
| Swords | 3 | |
| Sorceress Training | 2 | |
| Priest Training | 2 | |
| Magic Sentry | 1 | |
| Animal War Training | 1 | |
| Control Magic | 1 | |
| Gunpowder | 3 | |
| Barrage | 1 | |
21 total
» buildings
| Farm | 19 | |
| Scout Tower | 19 | |
| Altar of Kings | 1 | |
| Barracks | 2 | |
| Lumber Mill | 2 | |
| Arcane Vault | 1 | |
| Blacksmith | 1 | |
| Keep | 2 | |
| Arcane Tower | 1 | |
| Arcane Sanctum | 3 | |
| Castle | 4 | |
| Town Hall | 2 | |
| Guard Tower | 6 | |
| Workshop | 4 | |
67 total
» build order
00:14 Farm
00:17 Scout Tower
00:34 Scout Tower
00:38 Altar of Kings
00:55 Farm
01:34 Barracks
01:38 Barracks
01:57 Farm
02:06 Lumber Mill
02:31 Arcane Vault
03:05 Blacksmith
03:53 Keep
03:58 Farm
05:01 Scout Tower
05:33 Farm
05:44 Arcane Tower
06:15 Farm
07:02 Arcane Sanctum
07:03 Arcane Sanctum
07:32 Castle
07:32 Castle
07:32 Castle
08:05 Farm
09:23 Town Hall
09:30 Scout Tower
09:31 Scout Tower
09:32 Scout Tower
09:33 Scout Tower
09:43 Farm
09:43 Farm
10:46 Farm
11:19 Guard Tower
11:23 Guard Tower
11:48 Scout Tower
11:54 Farm
12:07 Scout Tower
12:54 Guard Tower
12:58 Guard Tower
12:59 Guard Tower
13:18 Scout Tower
13:21 Scout Tower
14:22 Arcane Sanctum
15:20 Scout Tower
15:20 Scout Tower
15:21 Scout Tower
16:39 Scout Tower
16:45 Scout Tower
17:29 Guard Tower
19:14 Workshop
19:15 Workshop
19:31 Lumber Mill
21:21 Workshop
22:33 Workshop
23:01 Farm
23:06 Farm
31:00 Keep
33:24 Castle
34:00 Farm
34:01 Farm
34:02 Farm
34:08 Farm
34:09 Farm
34:10 Farm
35:26 Scout Tower
35:28 Scout Tower
35:29 Scout Tower
35:49 Town Hall
» items
| Scroll of Regeneration | 3 | |
| Lesser Clarity Potion | 1 | |
| Scroll of Town Portal | 3 | |
| Orb of Fire | 2 | |
9 total
KILLINGMESMALLS (
purple | 67 APM | 3053 actions | 45:45)
8 Blademaster
3 Critical Strike
3 Wind Walk
1 Bladestorm
1 Mirror Image
» actions
| Assign group hotkey | 86 | |
| Basic commands | 130 | |
| Build / train | 75 | |
| Enter build submenu | 27 | |
| Enter hero's abilities submenu | 8 | |
| Give item / drop item | 2 | |
| Remove unit from queue | 5 | |
| Right click | 1376 | |
| Select / deselect | 342 | |
| Select group hotkey | 836 | |
| Use ability | 166 | |
3053 total
» units
| Peon | 14 | |
| Grunt | 3 | |
| Goblin Shredder | 1 | |
| Mud Golem | 1 | |
| Wind Rider | 8 | |
| Troll Batrider | 4 | |
| Goblin Sapper | 3 | |
| Demolisher | 2 | |
36 total
» upgrades
| Reinforced Defenses | 1 | |
| Envenomed Spears | 1 | |
| Ranged Weapons | 2 | |
| Armor | 2 | |
| Liquid Fire | 1 | |
7 total
» buildings
| Altar of Storms | 1 | |
| Orc Burrow | 7 | |
| Barracks | 1 | |
| Voodoo Lounge | 1 | |
| Stronghold | 3 | |
| War Mill | 1 | |
| Great Hall | 2 | |
| Beastiary | 4 | |
| Fortress | 2 | |
| Watch Tower | 44 | |
66 total
» build order
00:07 Altar of Storms
00:22 Orc Burrow
00:36 Barracks
01:26 Orc Burrow
02:15 Voodoo Lounge
02:55 Stronghold
02:55 Stronghold
03:32 War Mill
04:07 Orc Burrow
05:01 Great Hall
05:34 Beastiary
06:35 Fortress
06:43 Beastiary
08:21 Watch Tower
08:22 Watch Tower
08:22 Watch Tower
09:13 Watch Tower
09:13 Watch Tower
09:14 Watch Tower
09:14 Watch Tower
09:15 Watch Tower
10:57 Watch Tower
10:57 Watch Tower
10:57 Watch Tower
10:59 Watch Tower
11:00 Watch Tower
11:26 Watch Tower
11:26 Watch Tower
12:22 Orc Burrow
12:22 Orc Burrow
12:23 Orc Burrow
12:31 Beastiary
14:00 Watch Tower
14:00 Watch Tower
16:17 Watch Tower
16:17 Watch Tower
18:25 Beastiary
19:01 Watch Tower
19:02 Watch Tower
19:02 Watch Tower
19:03 Watch Tower
19:03 Watch Tower
19:03 Watch Tower
19:05 Watch Tower
19:06 Watch Tower
19:06 Watch Tower
19:06 Watch Tower
19:07 Watch Tower
21:14 Watch Tower
21:14 Watch Tower
21:14 Watch Tower
21:15 Watch Tower
21:17 Watch Tower
21:18 Watch Tower
21:19 Watch Tower
21:19 Watch Tower
21:44 Orc Burrow
25:03 Great Hall
25:06 Watch Tower
25:06 Watch Tower
25:06 Watch Tower
25:10 Watch Tower
25:10 Watch Tower
25:11 Watch Tower
» items
| Healing Salve | 5 | |
| Scroll of Town Portal | 3 | |
| Orb of Lightning | 1 | |
| Potion of Healing | 1 | |
10 total
RushMeIDareU (
blue | 11 APM | 424 actions | 39:40)
3 Archmage
2 Summon Water Elemental
1 Blizzard
» actions
| Basic commands | 1 | |
| Build / train | 67 | |
| Enter build submenu | 15 | |
| Enter hero's abilities submenu | 3 | |
| Give item / drop item | 1 | |
| Remove unit from queue | 6 | |
| Right click | 76 | |
| Select / deselect | 208 | |
| Use ability | 47 | |
424 total
» units
| Peasant | 20 | |
| Rifleman | 3 | |
| Footman | 1 | |
| Flying Machine | 5 | |
| Siege Engine | 3 | |
| Knight | 3 | |
35 total
» upgrades
| Masonry | 3 | |
| Gunpowder | 3 | |
| Long Rifles | 1 | |
| Lumber Harvesting | 1 | |
| Plating | 3 | |
| Flak Cannons | 1 | |
| Flying Machine Bombs | 1 | |
| Barrage | 1 | |
| Animal War Training | 1 | |
15 total
» buildings
| Lumber Mill | 1 | |
| Farm | 9 | |
| Altar of Kings | 1 | |
| Scout Tower | 5 | |
| Blacksmith | 1 | |
| Barracks | 2 | |
| Arcane Vault | 2 | |
| Keep | 1 | |
| Arcane Tower | 1 | |
| Guard Tower | 1 | |
| Castle | 1 | |
| Workshop | 3 | |
| Town Hall | 1 | |
29 total
» build order
00:42 Lumber Mill
00:51 Farm
00:56 Farm
00:58 Farm
01:04 Farm
01:13 Farm
01:14 Farm
02:50 Altar of Kings
03:21 Farm
03:29 Scout Tower
03:31 Scout Tower
03:32 Scout Tower
03:35 Scout Tower
03:36 Scout Tower
03:46 Farm
03:48 Farm
03:58 Blacksmith
04:04 Barracks
04:12 Arcane Vault
04:27 Arcane Vault
04:47 Keep
04:52 Arcane Tower
06:10 Guard Tower
06:24 Barracks
07:09 Castle
09:39 Workshop
09:40 Workshop
09:45 Workshop
11:03 Town Hall
» items
| Scroll of Regeneration | 3 | |
| Orb of Fire | 1 | |
4 total
team 2 (loser)

»
dLFjsrOtOrLrK (
green | 42 APM | 1900 actions | 45:45)
3 Archmage
2 Brilliance Aura
1 Blizzard
1 Mountain King
1 Storm Bolt
» actions
| Assign group hotkey | 95 | |
| Basic commands | 44 | |
| Build / train | 92 | |
| ESC pressed | 1 | |
| Enter build submenu | 29 | |
| Enter hero's abilities submenu | 4 | |
| Right click | 578 | |
| Select / deselect | 388 | |
| Select group hotkey | 579 | |
| Use ability | 90 | |
1900 total
» units
| Peasant | 14 | |
| Mortar Team | 8 | |
| Sorceress | 3 | |
| Flying Machine | 19 | |
| Priest | 1 | |
45 total
» upgrades
| Gunpowder | 2 | |
| Sorceress Training | 2 | |
| Armor | 2 | |
| Masonry | 2 | |
| Magic Sentry | 1 | |
| Backpack | 1 | |
| Flare | 1 | |
| Flak Cannons | 1 | |
| Plating | 2 | |
| Flying Machine Bombs | 1 | |
| Priest Training | 1 | |
16 total
» buildings
| Farm | 8 | |
| Altar of Kings | 1 | |
| Keep | 1 | |
| Scout Tower | 6 | |
| Lumber Mill | 1 | |
| Arcane Tower | 1 | |
| Blacksmith | 1 | |
| Workshop | 2 | |
| Arcane Sanctum | 1 | |
| Arcane Vault | 1 | |
| Guard Tower | 1 | |
| Castle | 1 | |
| Town Hall | 2 | |
27 total
» build order
00:13 Farm
00:15 Altar of Kings
01:19 Farm
02:12 Keep
02:19 Scout Tower
02:35 Lumber Mill
02:52 Arcane Tower
02:57 Blacksmith
03:18 Farm
04:38 Workshop
04:48 Workshop
04:55 Arcane Sanctum
04:58 Farm
05:39 Farm
06:06 Farm
07:02 Farm
09:04 Arcane Vault
11:26 Scout Tower
11:31 Scout Tower
11:36 Scout Tower
11:40 Scout Tower
11:55 Scout Tower
12:54 Guard Tower
12:58 Castle
21:37 Farm
29:39 Town Hall
32:55 Town Hall
» items
| Scroll of Regeneration | 2 | |
| Scroll of Town Portal | 3 | |
| Potion of Healing | 1 | |
| Scroll of Speed | 1 | |
7 total

»
BOOTYonFLEEK (
red | 43 APM | 1947 actions | 45:45)
6 Death Knight
3 Death Coil
3 Unholy Aura
6 Lich
3 Frost Nova
2 Dark Ritual
1 Death and Decay
» actions
| Assign group hotkey | 5 | |
| Basic commands | 4 | |
| Build / train | 74 | |
| Enter build submenu | 19 | |
| Enter hero's abilities submenu | 12 | |
| Give item / drop item | 6 | |
| Remove unit from queue | 2 | |
| Right click | 1154 | |
| Select / deselect | 443 | |
| Select group hotkey | 78 | |
| Use ability | 150 | |
1947 total
» units
| Acolyte | 8 | |
| Ghoul | 4 | |
| Crypt Fiend | 4 | |
| Frost Wyrm | 3 | |
19 total
» upgrades
| Creature Attack | 3 | |
| Creature Carapace | 2 | |
| Web | 1 | |
| Freezing Breath | 1 | |
7 total
» buildings
| Graveyard | 1 | |
| Crypt | 1 | |
| Altar of Darkness | 1 | |
| Ziggurat | 8 | |
| Tomb of Relics | 3 | |
| Halls of the Dead | 2 | |
| Nerubian Tower | 3 | |
| Black Citadel | 2 | |
| Necropolis | 1 | |
| Sacrificial Pit | 1 | |
| Boneyard | 3 | |
| Spirit Tower | 2 | |
28 total
» build order
01:12 Graveyard
01:19 Crypt
01:26 Altar of Darkness
01:36 Ziggurat
01:58 Tomb of Relics
02:04 Tomb of Relics
02:20 Ziggurat
04:25 Halls of the Dead
04:41 Nerubian Tower
04:41 Nerubian Tower
05:31 Ziggurat
07:22 Ziggurat
09:15 Black Citadel
09:51 Necropolis
10:05 Sacrificial Pit
10:08 Ziggurat
11:48 Ziggurat
11:51 Ziggurat
11:51 Ziggurat
11:54 Tomb of Relics
12:34 Boneyard
12:37 Boneyard
12:40 Boneyard
13:04 Spirit Tower
13:27 Nerubian Tower
20:18 Spirit Tower
» items
| Rod of Necromancy | 2 | |
| Potion of Healing | 2 | |
| Scroll of Town Portal | 6 | |
| Scroll of Regeneration | 3 | |
| Orb of Corruption | 1 | |
| Scroll of Speed | 2 | |
| Lesser Clarity Potion | 1 | |
17 total
HappyHolidays (
teal | 86 APM | 3939 actions | 45:45)
9 Blademaster
3 Wind Walk
3 Critical Strike
1 Bladestorm
2 Mirror Image
» actions
| Assign group hotkey | 118 | |
| Basic commands | 318 | |
| Build / train | 118 | |
| ESC pressed | 4 | |
| Enter build submenu | 47 | |
| Enter hero's abilities submenu | 9 | |
| Give item / drop item | 9 | |
| Remove unit from queue | 1 | |
| Right click | 1548 | |
| Select / deselect | 317 | |
| Select group hotkey | 1270 | |
| Use ability | 180 | |
3939 total
» units
| Peon | 24 | |
| Grunt | 5 | |
| Goblin Shredder | 1 | |
| Wind Rider | 10 | |
| Goblin Sapper | 2 | |
| Goblin Zeppelin | 4 | |
46 total
» upgrades
| Armor | 4 | |
| Ranged Weapons | 3 | |
| Berserker Strength | 1 | |
| Reinforced Defenses | 1 | |
| Pillage | 1 | |
| Envenomed Spears | 1 | |
| Spiked Barricades | 3 | |
| Magic Sentry | 1 | |
| Defend | 1 | |
| Ensnare | 1 | |
| Melee Weapons | 1 | |
18 total
» buildings
| Orc Burrow | 7 | |
| Altar of Storms | 1 | |
| Barracks | 1 | |
| Voodoo Lounge | 1 | |
| War Mill | 1 | |
| Stronghold | 8 | |
| Great Hall | 2 | |
| Fortress | 3 | |
| Beastiary | 4 | |
| Watch Tower | 26 | |
54 total
» build order
00:12 Orc Burrow
00:55 Altar of Storms
01:06 Barracks
01:15 Voodoo Lounge
01:56 Orc Burrow
02:52 Orc Burrow
03:12 War Mill
05:02 Stronghold
05:03 Stronghold
05:03 Stronghold
06:56 Great Hall
07:15 Orc Burrow
07:52 Fortress
07:52 Fortress
08:13 Beastiary
08:18 Beastiary
09:31 Watch Tower
09:33 Watch Tower
09:34 Watch Tower
11:00 Watch Tower
11:02 Watch Tower
11:03 Watch Tower
11:05 Watch Tower
11:08 Watch Tower
12:27 Watch Tower
12:28 Watch Tower
12:29 Watch Tower
12:32 Watch Tower
12:35 Watch Tower
12:47 Watch Tower
12:48 Watch Tower
13:37 Watch Tower
13:38 Watch Tower
15:51 Watch Tower
18:17 Orc Burrow
18:22 Orc Burrow
20:16 Beastiary
20:18 Beastiary
20:33 Watch Tower
22:13 Great Hall
22:15 Watch Tower
22:15 Watch Tower
22:18 Watch Tower
22:19 Watch Tower
22:35 Watch Tower
22:37 Watch Tower
22:38 Watch Tower
23:28 Orc Burrow
30:37 Stronghold
30:37 Stronghold
30:38 Stronghold
» items
| Healing Salve | 5 | |
| Lesser Clarity Potion | 3 | |
| Scroll of Town Portal | 2 | |
| Potion of Mana | 2 | |
| Orb of Lightning | 1 | |
| Scroll of Regeneration | 1 | |
14 total
ZeroTwo (
yellow | 41 APM | 1211 actions | 29:17)
4 Blood Mage
2 Flame Strike
2 Siphon Mana
2 Mountain King
1 Storm Bolt
1 Bash
» actions
| Assign group hotkey | 27 | |
| Basic commands | 79 | |
| Build / train | 77 | |
| Enter build submenu | 31 | |
| Enter hero's abilities submenu | 6 | |
| Remove unit from queue | 1 | |
| Right click | 440 | |
| Select / deselect | 282 | |
| Select group hotkey | 209 | |
| Use ability | 59 | |
1211 total
» units
| Peasant | 12 | |
| Footman | 7 | |
| Spell Breaker | 5 | |
| Priest | 5 | |
| Goblin Shredder | 1 | |
| Sorceress | 1 | |
| Knight | 2 | |
| Siege Engine | 6 | |
39 total
» upgrades
| Plating | 3 | |
| Lumber Harvesting | 2 | |
| Swords | 2 | |
| Priest Training | 2 | |
| Sorceress Training | 2 | |
| Masonry | 1 | |
| Barrage | 1 | |
| Animal War Training | 1 | |
| Gunpowder | 1 | |
15 total
» buildings
| Altar of Kings | 1 | |
| Farm | 15 | |
| Barracks | 2 | |
| Arcane Vault | 1 | |
| Keep | 2 | |
| Lumber Mill | 1 | |
| Blacksmith | 2 | |
| Arcane Sanctum | 3 | |
| Town Hall | 3 | |
| Scout Tower | 5 | |
| Guard Tower | 3 | |
| Castle | 2 | |
| Workshop | 2 | |
42 total
» build order
00:11 Altar of Kings
00:27 Farm
00:30 Barracks
00:52 Farm
01:47 Arcane Vault
02:26 Farm
03:27 Keep
04:13 Lumber Mill
04:20 Farm
04:21 Farm
04:22 Farm
04:25 Farm
04:27 Farm
04:52 Blacksmith
04:57 Blacksmith
05:52 Arcane Sanctum
07:54 Arcane Sanctum
08:03 Arcane Sanctum
08:27 Town Hall
08:28 Scout Tower
08:30 Scout Tower
08:31 Scout Tower
08:35 Scout Tower
11:37 Guard Tower
12:29 Guard Tower
12:33 Scout Tower
12:38 Castle
14:03 Barracks
14:46 Workshop
14:49 Workshop
15:18 Guard Tower
17:11 Farm
17:12 Farm
17:13 Farm
17:14 Farm
17:15 Farm
20:53 Town Hall
22:27 Keep
22:40 Farm
22:41 Farm
23:16 Town Hall
25:17 Castle
» items
| Scroll of Regeneration | 4 | |
| Lesser Clarity Potion | 2 | |
| Scroll of Town Portal | 1 | |
7 total
Chat log
(00:56 / Allies) dLFjsrOtOrLrK: red
(01:01 / Allies) BOOTYonFLEEK: ?
(01:01 / Allies) dLFjsrOtOrLrK: fast expo?
(01:28 / Allies) dLFjsrOtOrLrK: red
(01:31 / Allies) BOOTYonFLEEK: im bout it
(01:37 / Allies) dLFjsrOtOrLrK: Can U harass their expo?
(01:49 / Allies) BOOTYonFLEEK: mhhm
(01:59 / Allies) dLFjsrOtOrLrK: I'll do hidden play
(02:04 / Allies) dLFjsrOtOrLrK: but It needs time
(02:07 / All) KILLINGMESMALLS: any of europeans see star wars mov y et
(03:18 / All) KILLINGMESMALLS: great communication guys
(05:10 / Allies) dLFjsrOtOrLrK: teal
(05:18 / Allies) HappyHolidays: Yeah?
(05:27 / Allies) dLFjsrOtOrLrK: can u gimme some spare wood?
(05:39 / Allies) HappyHolidays: I'm saving mine, I don't have much to give right now but ok
(05:46 / Allies) dLFjsrOtOrLrK: ty
(06:33 / Allies) dLFjsrOtOrLrK: red
(06:38 / Allies) BOOTYonFLEEK: ?
(06:39 / Allies) dLFjsrOtOrLrK: what races enemy"
(06:46 / Allies) BOOTYonFLEEK: orc hu
(06:47 / Allies) BOOTYonFLEEK: top
(06:50 / Allies) BOOTYonFLEEK: bot**
(06:55 / Allies) dLFjsrOtOrLrK: good
(07:02 / Allies) BOOTYonFLEEK: mk
(07:03 / Allies) BOOTYonFLEEK: bm
(07:13 / Allies) dLFjsrOtOrLrK: good good
(07:52 / Allies) dLFjsrOtOrLrK: wawoo red tytyty
(08:03 / Allies) dLFjsrOtOrLrK: U know how to play and what need my build
(08:36 / Allies) BOOTYonFLEEK: teal og
(08:37 / Allies) HappyHolidays: mind if I take these agi boots red?
(08:42 / Allies) HappyHolidays: I have bm
(08:46 / Allies) HappyHolidays: and you have no agi heroes, so
(08:47 / Allies) BOOTYonFLEEK: gimmmie belt D
(08:53 / Allies) HappyHolidays: why
(08:57 / Allies) BOOTYonFLEEK: ur not str'
(09:01 / Allies) HappyHolidays: Gives me HP
(09:09 / Allies) BOOTYonFLEEK: ya b greedy
(09:14 / Allies) HappyHolidays: Agi boots give you nothing
(09:19 / Allies) HappyHolidays: unless you want a glorified ring of prot
(13:08 / Allies) BOOTYonFLEEK: wood?
(13:18 / Allies) BOOTYonFLEEK: ty
(14:23 / Allies) ZeroTwo: im out
(15:48 / Allies) dLFjsrOtOrLrK: wood
(15:49 / Allies) dLFjsrOtOrLrK: wood
(16:23 / Allies) dLFjsrOtOrLrK: wood
(17:19 / Allies) dLFjsrOtOrLrK: all
(17:20 / Allies) dLFjsrOtOrLrK: go
(20:16 / Allies) ZeroTwo: ima tp
(21:37 / All) HappyHolidays: Go away noob elf
(23:55 / Allies) dLFjsrOtOrLrK: ????????????????
(23:57 / Allies) dLFjsrOtOrLrK: hey
(23:59 / Allies) dLFjsrOtOrLrK: why kill me
(24:13 / Allies) BOOTYonFLEEK: Zzzzzz
(24:22 / All) ZeroTwo: ,,,
(25:44 / Allies) dLFjsrOtOrLrK: no record
(25:56 / Allies) HappyHolidays: 0-1 now
(26:09 / Allies) ZeroTwo: why such a tool
(26:36 / Allies) BOOTYonFLEEK: pro plays
(26:37 / Allies) BOOTYonFLEEK: lmao
(26:44 / Allies) HappyHolidays: You three lost
(26:47 / Allies) HappyHolidays: You have my permission to leave now
(26:49 / Allies) BOOTYonFLEEK: AND?
(26:50 / Allies) BOOTYonFLEEK: LOL
(27:14 / All) ZeroTwo: hows it taste teal
(27:19 / All) HappyHolidays: how's what taste
(27:20 / All) ZeroTwo: purp and pinks dicks in your mouth?
(27:21 / All) HappyHolidays: I'm raping you lol
(28:09 / All) ZeroTwo: you didnt win pink
(28:15 / All) ZeroTwo: just because teal is sucking your balls
(28:16 / All) HappyHolidays: Yes he did
(28:18 / All) HappyHolidays: You lose
(28:25 / All) HappyHolidays: and there's no need for homoerotic fantasies here
(28:27 / All) HappyHolidays: this is a pg13 game
(29:09 / All) ZeroTwo: oh well we won, I dont care about record
(29:12 / All) ZeroTwo: gg red
(29:14 / All) ZeroTwo: owned those bitches
(29:15 / Allies) BOOTYonFLEEK: gg
(29:22 / All) HappyHolidays: You didn't "own" anyone
(29:28 / All) HappyHolidays: or you'd have a victory screen rather than defeat
(29:35 / All) HappyHolidays: 68-75 yellow now
(29:36 / All) BOOTYonFLEEK: WHO CARES LMAO
(29:37 / All) HappyHolidays: not at all a winner
(29:37 / All) BOOTYonFLEEK: LOL
(29:43 / All) HappyHolidays: Red you are 16-16 now
(29:58 / All) KILLINGMESMALLS: admit it green u hack
(31:49 / Allies) dLFjsrOtOrLrK: red
(31:54 / Allies) BOOTYonFLEEK: ?
(31:57 / Allies) dLFjsrOtOrLrK: don't have frozen armor at rich?
(32:05 / Allies) BOOTYonFLEEK: fukk no lol
(32:09 / Allies) dLFjsrOtOrLrK: ah....
(32:17 / Allies) BOOTYonFLEEK: had rod whole
(32:18 / Allies) BOOTYonFLEEK: game
(32:22 / Allies) BOOTYonFLEEK: unlimited mana
(34:25 / Allies) BOOTYonFLEEK: wtf is the other team doing
(34:50 / Allies) dLFjsrOtOrLrK: don't overface red
(34:53 / Allies) dLFjsrOtOrLrK: just dodge
(35:15 / Allies) dLFjsrOtOrLrK: and....
(35:32 / Allies) dLFjsrOtOrLrK: you know.... teal?
(35:48 / Allies) BOOTYonFLEEK: ogteal breh
(35:56 / Allies) HappyHolidays: SIMPLY BUSINESS
(36:00 / Allies) HappyHolidays: HAPPY HOLIDAYS
(36:07 / Allies) HappyHolidays: IT SHOULD BE AN HONOUR FOR YOU TO BE STABBED BY US
(36:10 / Allies) dLFjsrOtOrLrK: business??
(36:12 / Allies) dLFjsrOtOrLrK: I don't know
(36:19 / Allies) HappyHolidays: MERRY CHRISTMAS HO HO HO
(36:22 / Allies) HappyHolidays: YOU GOT LUCKY PLAYING WITH US
(36:24 / Allies) BOOTYonFLEEK: mad lil kid
(36:25 / Allies) BOOTYonFLEEK: lmao
(36:26 / Allies) dLFjsrOtOrLrK: I can't understand why is that business
(36:28 / Allies) HappyHolidays: ITS A CHRISTMAS MIRACLE
(36:52 / Allies) HappyHolidays: U DONT UNDERSTAND
(37:00 / Allies) HappyHolidays: WE ARE IN LUCRATIVE WC3 TEAM KILLING BUSINESS
(37:08 / Allies) HappyHolidays: I MAKE 3 BUCKS FROM THIS BEFORE, I SPEAK TO JAPANESE HACKERS BEFORE
(37:10 / Allies) BOOTYonFLEEK: I LIKE CAPS 2
(37:15 / Allies) HappyHolidays: WC3 TK IS BUSINESS GOOD BUSINESS U KNOW
(37:50 / Allies) dLFjsrOtOrLrK: bucks?
(37:52 / Allies) HappyHolidays: IS U UNDERSTAND NOW?
(37:54 / Allies) dLFjsrOtOrLrK: what's that?
(37:56 / Allies) HappyHolidays: I MAKE 3 USD FROM WC3
(38:01 / Allies) HappyHolidays: FROM SELLING WIN IN A TK
(38:19 / Allies) BOOTYonFLEEK: LOL
(38:23 / Allies) dLFjsrOtOrLrK: wawoo......
(38:25 / Allies) BOOTYonFLEEK: THEY SO BAD
(38:30 / All) KILLINGMESMALLS: that be a wrap
(38:32 / All) KILLINGMESMALLS: good job jake
(38:37 / All) KILLINGMESMALLS: jake = teal
(38:41 / All) KILLINGMESMALLS: he is my man lover
(38:41 / Allies) HappyHolidays: I HAVE AN ARMY THERE FOOL
(38:44 / Allies) HappyHolidays: WYVERN RIDERS
(38:46 / All) August_APC: I was just typing that
(38:49 / Allies) HappyHolidays: MIGHTY BEASTS ALONGSIDE MY BM
(38:50 / Allies) HappyHolidays: U FUCK
(38:58 / All) dLFjsrOtOrLrK: ah.....
(39:02 / All) HappyHolidays: PURPLE IS JAKE
(39:03 / All) August_APC: cause you're clearly the bitch
(39:05 / All) HappyHolidays: HE IS THE BIG FAT BOY
(39:06 / All) dLFjsrOtOrLrK: pink and teal u r friends?
(39:06 / All) KILLINGMESMALLS: the game was rigged from start
(39:07 / All) HappyHolidays: THE BIG FAG
(39:10 / All) KILLINGMESMALLS: good news tho
(39:14 / All) KILLINGMESMALLS: me and teal will still let u win
(39:21 / All) HappyHolidays: HE MASTURBATES TO PRINTED PICS OF GOKU
(39:22 / All) KILLINGMESMALLS: we are gonna kill all our units, and leave the game
(39:28 / All) August_APC: have fun with that
(39:30 / All) KILLINGMESMALLS: best inter connection wins
(39:43 / All) dLFjsrOtOrLrK: Pink? U R not friend of TEAL?
(39:44 / All) HappyHolidays: WOW
(39:47 / All) HappyHolidays: YOUR TEAM DOESN'T LIKE STANDOFFS
(39:48 / All) HappyHolidays: WOW
(39:56 / All) DUFFMAN: still here bud
(40:05 / All) KILLINGMESMALLS: i dont even remember blue getting anything
(40:05 / All) HappyHolidays: DONT FORGET UR DEMO AT BOT LEFT RED
(40:08 / All) KILLINGMESMALLS: orange is here
(40:20 / All) KILLINGMESMALLS: orange vs red for the standoff
(40:34 / All) DUFFMAN: i'ma just minimize and go drop a deuce
(40:36 / All) HappyHolidays: GREEN HERE TOO
(40:42 / All) DUFFMAN: i'm interested in how this turns out
(40:42 / All) KILLINGMESMALLS: game will still be on
(40:45 / All) KILLINGMESMALLS: all night hopefully
(40:50 / All) DUFFMAN: i'm already so invested
(40:53 / All) KILLINGMESMALLS: good
(40:59 / All) KILLINGMESMALLS: we'll whsper u tomorrow
(41:00 / All) HappyHolidays: NEED TO KILL RED DK FOR STANDOFF
(41:01 / All) KILLINGMESMALLS: if game is still going
(41:06 / All) DUFFMAN: lol
(41:11 / All) KILLINGMESMALLS: we gotta kill all farms
(41:13 / All) KILLINGMESMALLS: and units
(41:18 / All) DUFFMAN: leaving this up until i go to sleep
(41:19 / All) KILLINGMESMALLS: we'll leave both sides with some zepplins
(41:34 / All) KILLINGMESMALLS: u gonna leave wc3 on all night?
(41:37 / All) HappyHolidays: kill your demo bot left
(41:45 / All) DUFFMAN: nah, i'll probably turn it off when i go to sleep
(41:54 / All) KILLINGMESMALLS: dont man; ur giving red the win that way
(42:04 / All) KILLINGMESMALLS: make this a 20 hour game
(42:06 / All) HappyHolidays: I hate hero chasing with no tp staff
(42:06 / All) BOOTYonFLEEK: ill leave dood lol
(42:06 / All) DUFFMAN: but dat booty on fleek
(42:07 / All) HappyHolidays: or mass tp
(44:42 / All) KILLINGMESMALLS: biatch
(44:48 / All) HappyHolidays: nice
(45:11 / All) KILLINGMESMALLS: check both sides
(45:13 / All) KILLINGMESMALLS: carefully
(45:21 / All) HappyHolidays: My side done
(45:29 / All) HappyHolidays: Good luck everyone
(45:35 / All) HappyHolidays: enjoy the standoff! merry christmas!!!!!!
(45:38 / All) HappyHolidays: HAPPY HOLIDAYS!!!!!
(45:43 / All) HappyHolidays: WHAT A TREAT FROM US U GOT!!!!